 Dungeon Crawl Stone Soup version 0.29.1-1-gd02db6906a (webtiles) character file.

Game seed: 2843335309740585518

166 Colgate the Chiller (level 5, -1/35 HPs)
             Began as a Barachi Ice Elementalist on Oct 8, 2022.
             Was a Follower of Makhleb.
             Slain by an iguana (9 damage)
             ... on level 4 of the Dungeon.
             The game lasted 00:10:21 (3389 turns).

Colgate the Chiller (Barachi Ice Elementalist)      Turns: 3389, Time: 00:10:22

Health: -1/35      AC: 11    Str: 11    XL:     5   Next: 47%
Magic:  8/8        EV:  5    Int: 16    God:    Makhleb [*.....]
Gold:   227        SH:  0    Dex: 12    Spells: 7/8 levels left

rFire   . . .      SeeInvis .   b - +3 battleaxe (venom)
rCold   . . .      Faith    .   (shield currently unavailable)
rNeg    . . .      Spirit   .   e - +0 chain mail
rPois   .          Reflect  .   m - +0 helmet
rElec   .          Harm     +   w - scarf {harm}
rCorr   .          Rampage  .   h - +1 pair of gloves
Will    .....                   (no boots)
Stlth   ..........              (no amulet)
HPRegen 0.11/turn               p - ring of flight
MPRegen 0.11/turn               (no ring)

@: flying, slow
A: amphibious, slowness 1, strong legs 1, +LOS
a: Hop, Renounce Religion


You were on level 4 of the Dungeon.
You worshipped Makhleb.
Makhleb was aware of your devotion.
You visited 1 branch of the dungeon, and saw 4 of its levels.

You collected 227 gold pieces.

Inventory:

Hand Weapons
 a - a +0 sling
 b - a +3 battleaxe of venom (weapon)
 u - a +0 war axe
Armour
 e - a +0 chain mail (worn)
 h - a +1 pair of gloves (worn)
 m - a +0 helmet (worn)
 w - a scarf of harm (worn)
Jewellery
 p - a ring of flight (left hand)
Scrolls
 c - 3 scrolls of immolation {unknown}
 f - 2 scrolls of identify {unknown}
 g - a scroll of enchant armour {unknown}
 i - a scroll of blinking {unknown}
 o - a scroll of vulnerability {unknown}
 v - a scroll of magic mapping {unknown}
Potions
 d - a potion of degeneration {unknown}
 j - a potion of magic
 k - 2 potions of curing {unknown}
 l - a potion of flight {unknown}
 n - a potion of berserk rage {unknown}
 q - a potion of might {unknown}
 s - a potion of brilliance {unknown}
 t - a potion of heal wounds {unknown}


   Skills:
 + Level 4.7 Axes
 - Level 2.1 Dodging
 - Level 1.7 Stealth
 - Level 2.1 Spellcasting
 - Level 5.7 Ice Magic


You had 7 spell levels left.
You knew the following spells:

 Your Spells              Type           Power      Damage    Failure   Level
a - Freeze                Ice            80%        1d9       77%         1

Your spell library contained the following spells:

 Spells                   Type           Power      Damage    Failure   Level
 Frozen Ramparts          Ice            40%        1d7       98%         3
 Ozocubu's Armour         Ice            20%        N/A       98%         3
 Sublimation of Blood     Necr           1%         N/A       100%        2
 Wereblood                Tmut           1%         N/A       100%        2
 Hailstorm                Conj/Ice       10%        3d5       100%        4
 Summon Hydra             Summ           0%         N/A       100%        7


Dungeon Overview and Level Annotations

Branches:
Dungeon (4/15)
 Temple: D:4-7

Altars:
Makhleb

Annotations:
D:1 kallion takana juttuja


Innate Abilities, Weirdness & Mutations

You are amphibious.
You cover ground slowly.
You can hop short distances.
You have an extended range of vision and can be seen from far away.


Message History

You see here a +0 chain mail.
You drop a +0 ring mail.
You start removing your armour.
You continue taking off your +0 scale mail. x4
You finish taking off your +0 scale mail.
You drop a +0 scale mail.
You start putting on your armour.
You continue putting on your +0 chain mail. x4
You finish putting on your +0 chain mail.
Okay, then.
No target in view!
Done exploring.
(D) Dungeon
Where to? (Enter - D:3 @ (x,y), ? - help)
There is a stone staircase leading down here.
You fly downwards.
There is a stone staircase leading up here.
No target in view!
An iguana comes into view.
The iguana hisses angrily.
You shoot a sling bullet.
The sling bullet hits the iguana but does no damage.
Unknown command.
Your +3 battleaxe of venom begins to drip with poison!
b - a +3 battleaxe of venom (weapon)
You hit the iguana. The iguana bites you!
You barely miss the iguana. The iguana bites you.
The iguana hisses menacingly.
The iguana barely misses you.
You hit the iguana.
The iguana is poisoned.
The iguana bites you!
* * * LOW HITPOINT WARNING * * *
You barely miss the iguana.
The iguana bites you but does no damage.
The iguana barely misses you.
You barely miss the iguana.
The iguana bites you but does no damage.
You closely miss the iguana. The iguana barely misses you.
The iguana bites you but does no damage.
You closely miss the iguana. The iguana bites you!
You die...

#####
#.@.#
#l#.#
#.#.#
#.#.#
#.#<#
#.###
#. ##


You could see an iguana (very poisoned).

Vanquished Creatures
  3 orc wizards (D:3)
  3 adders (D:2)
  3 dart slugs
  7 orcs
  3 ball pythons
  8 bats
  3 endoplasms
  2 giant cockroaches
  7 kobolds
  2 quokkas
  3 frilled lizards (D:1)
  8 goblins
  4 rats
56 creatures vanquished.

Notes
Turn   | Place    | Note
-------+----------+-------------------------------------------
     0 | D:1      | Colgate the Barachi Ice Elementalist began the quest for
                  | the Orb.
     0 | D:1      | Reached XP level 1. HP: 13/13 MP: 3/3
    99 | D:1      | Reached skill level 5 in Ice Magic
   178 | D:1      | Reached XP level 2. HP: 19/19 MP: 1/5
   895 | D:2      | Found a faded altar of an unknown god.
   900 | D:2      | Reached skill level 1 in Axes
   900 | D:2      | Reached XP level 3. HP: 24/24 MP: 6/6
   912 | D:2      | Prayed at the altar of an unknown god.
   912 | D:2      | Became a worshipper of Makhleb the Destroyer
   912 | D:2      | Reached * piety under Makhleb
  1768 | D:2      | Reached XP level 4. HP: 22/30 MP: 7/7
  2217 | D:3      | Reached XP level 5. HP: 15/35 MP: 8/8
  2553 | D:3      | Found a burning altar of Makhleb.
  3389 | D:4      | Slain by an iguana

Illustrated notes

Levels and vault maps discovered:
D:1:      matt_arrival_los_fun, layout_loops_ring, due_unseen_surprise
D:2:      layout_basic, basic_ecumenical_altar, minmay_liquid_box
D:3:      layout_basic, mainiacjoe_overflow_alcove_2, fountainhead
D:4:      layout_basic, mainiacjoe_overflow_24_doors,
          nicolae_elyvilon_peaceful_grove, mainiacjoe_overflow_small_starburst

Skill      XL: |  1  2  3  4 |
---------------+-------------+-----
Ice Magic      | 5 |  5.7
Axes           | 1 2 4 |  4.7
Dodging        | |  2.1
Stealth        | |  1.7
Spellcasting   | |  2.1

Action                   |  1- 3 |  4- 6 || total
-------------------------+-------+-------++-------
Melee: Unarmed           |     4 |       ||     4
       Battleaxe         |    32 |    58 ||    90
 Fire: Sling             |    52 |    22 ||    74
 Cast: Freeze            |     7 |       ||     7
 Abil: Hop               |     1 |       ||     1
Armor: Robe              |    20 |       ||    20
       Ring mail         |       |    38 ||    38
       Scale mail        |       |     3 ||     3
       Chain mail        |       |     3 ||     3
Dodge: Dodged            |    44 |    23 ||    67
